 Dungeon Crawl Stone Soup version 0.30-a0-374-g95c0257040 (webtiles) character file.

Game seed: 6946087532977811387

838 Maratek the Basher (level 8, -4/59 HPs)
             Began as a Meteoran Reaver on Nov 22, 2022.
             Slain by a troll (6 damage)
             ... on level 8 of the Dungeon on Nov 25, 2022.
             The game lasted 00:13:46 (2573 turns).

Maratek the Basher (Meteoran Reaver)                Turns: 2573, Time: 00:13:47

Health: -4/59      AC: 15    Str: 14    XL:     8   Next: 42%
Magic:  0/13       EV: 12    Int: 15    God:
Gold:   231        SH:  0    Dex: 14    Spells: 11/12 levels left

rFire   . . .      SeeInvis .    a - +2 mace (protect)
rCold   . . .      Faith    .    (no shield)
rNeg    . . .      Spirit   +    e - +2 ring mail {rPois}
rPois   +          Reflect  .    (no helmet)
rElec   .          Harm     .    (no cloak)
rCorr   .          Rampage  .    (no gloves)
Will    +....                    (no boots)
Stlth   +.........               h - amulet of guardian spirit
HPRegen 0.29/turn                (no ring)
MPRegen 0.13/turn                (no ring)

@: under a protective aura, glowing
A: sense surroundings 1, otherworldly, glowing, explore regen
a: no special abilities


You were on level 8 of the Dungeon.
You visited 1 branch of the dungeon, and saw 8 of its levels.

You collected 231 gold pieces.

Inventory:

Hand Weapons
 a - a +2 mace of protection (weapon)
Armour
 e - a +2 ring mail of poison resistance (worn)
Jewellery
 h - an amulet of guardian spirit (around neck)
Wands
 c - a wand of digging (5)
Scrolls
 b - a scroll of blinking {unknown}
 f - a scroll of fear {unknown}
 g - 3 scrolls of identify
 i - a scroll of enchant weapon


   Skills:
 + Level 4.5 Fighting
 + Level 8.0 Maces & Flails
 + Level 4.7 Armour
 + Level 4.8 Dodging
 + Level 0.4 Stealth
 + Level 2.6 Spellcasting
 + Level 4.0 Conjurations


You had 11 spell levels left.
You knew the following spells:

 Your Spells              Type           Power      Damage    Failure   Level
a - Kiss of Death         Conj/Necr      32%        2d7       17%         1

Your spell library contained the following spells:

 Spells                   Type           Power      Damage    Failure   Level
 Momentum Strike          Conj/Tloc      16%        3d8       26%         2
 Hailstorm                Conj/Ice       8%         3d4       45%         3


Dungeon Overview and Level Annotations

Branches:
Dungeon (8/15) Zot: 2377
 Temple: D:4-7         Lair: D:8-11

Altars:
Ashenzari
Fedhas
Qazlal
Vehumet
Xom

Shops:
D:2 :


Innate Abilities, Weirdness & Mutations

You passively map a small area around you.
You are easily found by Zot.
You glow in the dark.
You regain HP and MP as you explore.


Message History

The vampire mosquito bites you but does no damage. x2
You miss the vampire mosquito.
The vampire mosquito is heavily damaged.
The vampire mosquito bites you but does no damage.
The vampire mosquito misses you.
You closely miss the vampire mosquito.
The vampire mosquito is heavily damaged.
The vampire mosquito bites you.
* * * LOW HITPOINT WARNING * * *
The vampire mosquito draws strength from your injuries!
The vampire mosquito bites you.
* * * LOW HITPOINT WARNING * * *
The vampire mosquito draws strength from your injuries!
You hit the vampire mosquito.
The vampire mosquito is heavily damaged.
The vampire mosquito closely misses you.
You completely miss the vampire mosquito.
The vampire mosquito is heavily damaged.
The vampire mosquito barely misses you. The vampire mosquito bites you.
* * * LOW HITPOINT WARNING * * *
The vampire mosquito draws strength from your injuries!
You barely miss the vampire mosquito.
The vampire mosquito is heavily damaged.
The vampire mosquito bites you.
* * * LOW HITPOINT WARNING * * *
The vampire mosquito draws strength from your injuries!
The vampire mosquito bites you but does no damage.
You miss the vampire mosquito.
The vampire mosquito is heavily damaged.
The vampire mosquito bites you but does no damage.
The vampire mosquito barely misses you.
You sock the vampire mosquito! Your punch misses the vampire mosquito.
The vampire mosquito is severely damaged.
The vampire mosquito bites you but does no damage. x2
You sock the vampire mosquito!
You destroy the vampire mosquito!
Your Maces & Flails skill increases to level 8!
You hit the troll but do no damage. The troll bites you but does no damage.
The troll claws you!
You die...

###.########.#
#............#
#.#.##########
#.#.# #.#.#
#.#.# ###
#.#.#####.#
#.#.......#
#@#..####†#
#T#..# #.####
#B#..# #....#
#.#..# #.##.#
#.##########.#
#............#
####.....#####
##.#### #.# *


You could see a boulder beetle and a troll.

Vanquished Creatures
  A vampire mosquito (D:8)
  2 black bears
  A phantom (D:5)
  A kobold brigand (D:8)
  A necrophage (D:4)
  2 hounds (D:5)
  A jelly (D:5)
  An iguana (D:5)
  4 gnolls (D:4)
  11 adders
  A shadow imp (D:5)
  A worm (D:2)
  3 dart slugs
  3 endoplasms
  3 giant cockroaches
  8 goblins
  6 hobgoblins
  2 jackals (D:2)
  2 quokkas
  5 ball pythons
  2 bats
  3 frilled lizards
  5 kobolds
  8 rats
77 creatures vanquished.

Notes
Turn   | Place    | Note
-------+----------+-------------------------------------------
     0 | D:1      | Maratek the Meteoran Reaver began the quest for the Orb.
     0 | D:1      | Reached XP level 1. HP: 17/17 MP: 5/5
   289 | D:1      | Reached XP level 2. HP: 10/24 MP: 6/6
   494 | D:1      | Glimpsed the power of Zot.
   542 | D:1      | Glimpsed the power of Zot.
   554 | D:1      | Found a faded altar of an unknown god.
   582 | D:1      | Glimpsed the power of Zot.
   592 | D:1      | Touched by the power of Zot.
   690 | D:1      | Glimpsed the power of Zot.
   737 | D:2      | Reached XP level 3. HP: 19/22 MP: 6/8
   754 | D:2      | Reached skill level 1 in Armour
   864 | D:2      | HP: 1/23 [poisoned by an adder]
   865 | D:2      | Reached XP level 4. HP: 1/29 MP: 5/9
  1080 | D:2      | Reached skill level 5 in Maces & Flails
  1103 | D:2      | Reached XP level 5. HP: 32/36 MP: 8/10
  1203 | D:2      | Found Ugho's Book Boutique.
  1268 | D:2      | Glimpsed the power of Zot.
  1549 | D:3      | Found a radiant altar of Vehumet.
  1734 | D:4      | Noticed a necrophage
  1745 | D:4      | Killed a necrophage
  1746 | D:4      | Reached XP level 6. HP: 38/44 MP: 9/11
  1828 | D:4      | Found a stormy altar of Qazlal.
  1829 | D:4      | Found a broken altar of Ashenzari.
  1830 | D:4      | Found a shimmering altar of Xom.
  1831 | D:4      | Found a blossoming altar of Fedhas.
  1833 | D:4      | Noticed a black bear
  1855 | D:4      | Reached skill level 6 in Maces & Flails
  1856 | D:4      | Upgraded the game from 0.30-a0-371-gad7725a93e to
                  | 0.30-a0-374-g95c0257040
  1869 | D:4      | Killed a black bear
  1870 | D:4      | Reached XP level 7. HP: 12/49 MP: 3/12
  1987 | D:5      | Entered Level 5 of the Dungeon
  2078 | D:5      | Reached skill level 7 in Maces & Flails
  2416 | D:8      | Reached XP level 8. HP: 51/58 MP: 11/13
  2540 | D:8      | Noticed a troll
  2542 | D:8      | Noticed a vampire mosquito
  2544 | D:8      | Noticed a boulder beetle
  2568 | D:8      | HP: 1/59 [vampire mosquito (2)]
  2572 | D:8      | Killed a vampire mosquito
  2573 | D:8      | Reached skill level 8 in Maces & Flails
  2573 | D:8      | Slain by a troll

Illustrated notes

Levels and vault maps discovered:
D:1:      tarquinn_simple_flora_water_b, layout_basic,
          hellmonk_ecumenical_altar_run_dry
D:2:      layout_basic, serial_shops, shop
D:3:      layout_basic, mainiacjoe_overflow_paths, minmay_misc_feat_room
D:4:      layout_cave_pools, mainiacjoe_overflow_catwalk,
          chequers_temple_overflow_statue_of_worship
D:5:      layout_basic, hangedman_decor_clover_reticule,
          nicolae_fountain_basement
D:6:      layout_cave_pods, lemuel_tele_altar, overflow_temple_1_default
D:7:      kennysheep_slugbush, layout_basic, lemuel_crystal_altar,
          minmay_temple_entry_grid
D:8:      minmay_cornered_nines, layout_basic, enter_bailey_6

Skill      XL: |  1  2  3  4  5  6  7  8 |
---------------+-------------------------+-----
Conjurations   | 4 |  4.0
Armour         | 1 2 3 4 |  4.7
Maces & Flails | 5 6 7 8 |  8.0
Dodging        | 3 4 |  4.8
Fighting       | 3 4 |  4.5
Stealth        | |  0.4
Spellcasting   | |  2.6

Action                   |  1- 3 |  4- 6 |  7- 9 || total
-------------------------+-------+-------+-------++-------
Melee: Mace              |   100 |   179 |   112 ||   391
       Punch             |       |     2 |     3 ||     5
  Use: Scroll            |     4 |     3 |     3 ||    10
       Potion            |     2 |     4 |     1 ||     7
Armor: Leather armour    |    48 |    70 |       ||   118
       Ring mail         |       |    69 |    76 ||   145
Dodge: Dodged            |    58 |   129 |    69 ||   256

Table legend: (Time is in decaauts)
 A = Elapsed time spent in this place.
 B = Non-inter-level travel time spent in this place.
 C = Inter-level travel time spent in this place.
 D = Time resting spent in this place.
 E = Time spent auto-exploring this place.
 F = Levels seen in this place.
 G = Mean time per level.
                   A        B        C        D        E       F      G
               +--------+--------+--------+--------+--------+-----+--------+
         Total |   2622 |   2574 |     48 |      0 |   1042 |   8 |  327.8 |
       Dungeon |   2622 |   2574 |     48 |      0 |   1042 |   8 |  327.8 |
               +--------+--------+--------+--------+--------+-----+--------+

Top non-repeatable levels by time:
     D:1: 722 daAuts
     D:2: 599 daAuts
     D:3: 451 daAuts
     D:5: 315 daAuts
     D:4: 272 daAuts
     D:8: 241 daAuts
     D:7: 10 daAuts
     D:6: 7 daAuts
